AoeStats
← 夯賣電玩GTA5

Black Forest

509389093Analyzed
2v2 RM · 6d ago on Sep 26, 2026· 32m 15s· 4 players
Game mode
Random Map
Map size
Medium (4 player)
Population
200
Speed
Normal
Resources
Standard
Victory
Conquest
Starting age
Dark Age
Ending age
Imperial Age
RankedLock teamsTeams togetherTeam positionsShared explorationLock speedFull tech treeHidden civsTurbo modeCheats
Victory
Defeat
🇦🇷 Khitans · Argentina
903
+15
🇺🇸 Varangians · United States
874
+16
🇹🇼 Franks · Taiwan
1000
-64
🇪🇸 Slavs · Spain
763
-11
cjmm76
0:39 Loom
12:53 Feudal Age
18:14 Castle Age
15:57 Horse Collar
16:27 Double-Bit Axe
18:29 Wheelbarrow
17:40 Town Watch
19:29 Bow Saw
22:10 Heavy Plow
24:42 Hand Cart
25:45 Gold Mining
25:45 Stone Mining
26:32 Caravan
27:44 Fishing Lines
33:48 Imperial Age
31:21 Town Patrol
Jojo
0:53 Loom
12:05 Feudal Age
20:05 Castle Age
18:10 Gold Mining
18:08 Double-Bit Axe
18:27 Domestication
22:02 Bow Saw
22:48 Wheelbarrow
24:33 Forging
24:18 Town Watch
24:26 Stone Mining
25:51 Hand Cart
26:57 Scale Barding Armor
29:29 Iron Casting
darkill
16:04 Feudal Age
19:45 Man-at-Arms
29:56 Castle Age
夯賣電玩GTA5
15:37 Feudal Age
16:16 Fishing Lines
19:04 Wheelbarrow
18:15 Loom
19:41 Double-Bit Axe
27:06 Castle Age
27:04 Scale Barding Armor
27:27 Light Cavalry
31:26 Hand Cart
31:41 Scale Mail Armor
31:51 Forging
31:46 Squires
Connection lost

Rejoining the realm…

Still unreachable

The connection could not be restored.

Session expired

The server has moved on; the page needs a fresh start.